 Dungeon Crawl Stone Soup version 0.22.1-1-ga44c0e56f4 (webtiles) character file.

1899 KleinerIrrer the Martial Artist (level 9, -1/58 HPs)
             Began as an Octopode Fighter on Oct 18, 2018.
             Was a Believer of Okawaru.
             Slain by Harold
             ... wielding a +0 mace
              (23 damage)
             ... on level 7 of the Dungeon.
             The game lasted 00:12:03 (6917 turns).

KleinerIrrer the Martial Artist (Octopode Fighter)  Turns: 6917, Time: 00:12:04

Health: -1/58      AC:  2    Str: 15    XL:     9   Next: 15%
Magic:  10/10      EV: 15    Int: 10    God:    Okawaru [**....]
Gold:   232        SH:  9    Dex: 15    Spells: 8/8 levels left

rFire    . . .     SeeInvis .     - Unarmed
rCold    . . .     Gourm    .   a - +0 shield
rNeg     . . .     Faith    .   o - +1 hat
rPois    .         Spirit   .   i - amulet of the acrobat
rElec    .         Reflect  .   q - ring of stealth
rCorr    .         Harm     .   C - ring of flight
MR       .....                  (no ring)
Stlth    ++++......             (no ring)
HPRegen  0.19/turn              (no ring)
MPRegen  0.12/turn              (no ring)
                                (no ring)
                                (no ring)

@: hasted, very quick
A: almost no armour, stealthy swim, amphibious, 8 rings, constrict 8, camouflage
1, gelatinous body 1
a: Heroism, Renounce Religion, Evoke Flight


You were on level 7 of the Dungeon.
You worshipped Okawaru.
Okawaru was pleased with you.
You were very hungry.

You visited 1 branch of the dungeon, and saw 7 of its levels.

You collected 232 gold pieces.

Inventory:

Missiles
 l - 6 javelins (quivered)
Armour
 a - a +0 shield (worn)
 o - a +1 hat (worn)
Jewellery
 i - an amulet of the acrobat (around mantle)
 q - a ring of stealth (left tentacle)
 C - a ring of flight (right tentacle)
 E - an uncursed amulet of magic regeneration
Wands
 j - a wand of paralysis (10)
 w - a wand of disintegration (18)
 D - a wand of polymorph (15)
Scrolls
 d - 3 scrolls of magic mapping {unknown}
 f - 2 scrolls of remove curse
 k - 2 scrolls of enchant weapon {unknown}
 n - a scroll of blinking {unknown}
 p - a scroll of random uselessness {unknown}
 r - a scroll of immolation {unknown}
 s - 6 scrolls of amnesia {unknown}
 t - a scroll of fog {unknown}
 y - a scroll of fear {unknown}
 z - 2 scrolls of teleportation {unknown}
Potions
 b - a potion of might
 e - 3 potions of heal wounds
 g - a potion of mutation {unknown}
 m - a potion of magic {unknown}
 u - a potion of flight {unknown}
 v - a potion of agility {unknown}
 A - 2 potions of berserk rage
 B - a potion of invisibility {unknown}
Comestibles
 c - 13 rations


   Skills:
 + Level 4.2 Fighting
 + Level 5.8 Dodging
 - Level 2.0 Stealth
 + Level 5.1 Shields
 + Level 8.9 Unarmed Combat
 - Level 2.1 Invocations


You had 8 spell levels left.
You didn't know any spells.
Your spell library was empty.

Dungeon Overview and Level Annotations

Branches:
Dungeon (7/15)             Temple (0/1) D:6

Altars:
Ashenzari
Cheibriados
Fedhas
Gozag
Kikubaaqudgha
Nemelex Xobeh
Okawaru
Ru
Trog
Xom
Yredelemnul

Shops:
D:6 =

Annotations:
D:7 Harold


Innate Abilities, Weirdness & Mutations

You cannot wear most types of armour.
You are very stealthy in the water. (Stealth+)
You are amphibious.
You can wear up to eight rings at the same time.
You can use your tentacles to constrict eight enemies at once.
Your skin changes colour to match your surroundings (Stealth+).
Your rubbery body absorbs attacks. (AC +1, EV +1)


Message History

You tentacle-slap Harold. You squeeze Harold.
Harold is lightly wounded.
You constrict Harold, but do no damage. Harold hits you with a mace!!
You tentacle-slap Harold. You squeeze Harold, but do no damage.
Harold is moderately wounded.
You constrict Harold. Harold hits you with a mace!
You feel yourself speed up.
You constrict Harold. Harold closely misses you.
You tentacle-slap Harold. You squeeze Harold!
Harold is heavily wounded.
You constrict Harold, but do no damage. You tentacle-slap Harold.
You squeeze Harold.
Harold is heavily wounded.
You constrict Harold. Harold completely misses you.
You tentacle-slap Harold. You squeeze Harold!
Harold is severely wounded.
You constrict Harold.
You tentacle-slap Harold but do no damage.
Harold is severely wounded.
You constrict Harold. Harold hits you with a mace!!
You die...

#........ #.#
#........
#######.#
#........
.......###........
###........<.(..#
#.......###...#.#
........##.$#.#
...........##.#
.......@.......
......@.........
........#........
........##.##..###
.......###..#.##
#.....# ##.# #
.....# . .#### #.


You could see Harold.

Vanquished Creatures
  A water moccasin (D:5)
  2 orc warriors (D:6)
  A sky beast (D:5)
  2 ogres
  2 centaurs (D:5)
  Blork the orc (D:4)
  A bullfrog (D:5)
  3 scorpions
  A howler monkey (D:5)
  A crimson imp (D:5)
  A jelly (D:5)
  3 hounds
  4 orc priests
  2 bullfrog skeletons
  An iguana (D:5)
  4 orc wizards
  6 worker ants
  A hound zombie (D:6)
  A howler monkey zombie (D:6)
  7 gnolls
  3 adders
  3 shadow imps
  An ooze (D:3)
  2 adder skeletons (D:4)
  3 worms
  3 dart slugs (D:1)
  4 leopard geckos
  20 orcs
  3 ball pythons
  4 giant cockroaches
  4 goblins
  4 hobgoblins
  6 jackals (D:4)
  A quokka (D:5)
  9 bats
  5 frilled lizards
  A jackal skeleton (D:5)
  8 kobolds
  A quokka zombie (D:6)
  6 rats
136 creatures vanquished.

Notes
Turn   | Place    | Note
-------+----------+-------------------------------------------
     0 | D:1      | KleinerIrrer the Octopode Fighter began the quest for the
                  | Orb.
     0 | D:1      | Reached XP level 1. HP: 16/16 MP: 1/1
   149 | D:1      | Reached XP level 2. HP: 17/21 MP: 2/2
   476 | D:1      | Reached skill level 1 in Stealth
   883 | D:2      | Reached XP level 3. HP: 26/26 MP: 3/3
  1285 | D:2      | Found a sacrificial altar of Ru.
  1285 | D:2      | Found a snail-covered altar of Cheibriados.
  1695 | D:3      | Noticed a scorpion
  1709 | D:3      | Killed a scorpion
  1709 | D:3      | Reached skill level 3 in Unarmed Combat
  1709 | D:3      | Reached XP level 4. HP: 18/31 MP: 4/4
  1951 | D:3      | Found a basalt altar of Yredelemnul.
  1951 | D:3      | Found a sparkling altar of Nemelex Xobeh.
  1951 | D:3      | Found a blossoming altar of Fedhas.
  1962 | D:3      | Found an ancient bone altar of Kikubaaqudgha.
  2248 | D:4      | Reached XP level 5. HP: 17/36 MP: 5/5
  2827 | D:4      | Reached skill level 4 in Unarmed Combat
  2837 | D:4      | Reached XP level 6. HP: 30/43 MP: 6/6
  2873 | D:4      | HP: 2/43 [poisoned by an orc wizard]
  3565 | D:4      | Found a bloodstained altar of Trog.
  3609 | D:4      | Found an opulent altar of Gozag.
  3627 | D:4      | Found an iron altar of Okawaru.
  3639 | D:4      | Became a worshipper of Warmaster Okawaru
  3655 | D:4      | Found a shimmering altar of Xom.
  3660 | D:4      | Found a shimmering altar of Xom.
  3660 | D:4      | Found a shimmering altar of Xom.
  3676 | D:4      | Found a shimmering altar of Xom.
  3676 | D:4      | Found a shimmering altar of Xom.
  3676 | D:4      | Found a shimmering altar of Xom.
  3738 | D:4      | Noticed Blork the orc
  3749 | D:4      | Killed Blork the orc
  3749 | D:4      | Reached skill level 5 in Unarmed Combat
  3749 | D:4      | Reached XP level 7. HP: 41/47 MP: 7/7
  4082 | D:5      | Entered Level 5 of the Dungeon
  4260 | D:5      | Reached skill level 6 in Unarmed Combat
  4286 | D:5      | Reached * piety under Okawaru
  4534 | D:5      | Reached XP level 8. HP: 36/54 MP: 5/8
  4538 | D:5      | Reached skill level 1 in Invocations
  4644 | D:5      | Reached skill level 7 in Unarmed Combat
  4645 | D:5      | Reached skill level 5 in Dodging
  5642 | D:6      | Reached skill level 8 in Unarmed Combat
  5729 | D:6      | Reached ** piety under Okawaru
  6036 | D:6      | Found a staircase to the Ecumenical Temple.
  6096 | D:6      | Reached XP level 9. HP: 41/58 MP: 10/10
  6315 | D:6      | Reached skill level 5 in Shields
  6724 | D:6      | Found Nisuxt's Jewellery Shoppe.
  6781 | D:6      | Found a shattered altar of Ashenzari.
  6908 | D:7      | Noticed Harold
  6917 | D:7      | Slain by Harold

Skill      XL: |  1  2  3  4  5  6  7  8  9 |
---------------+----------------------------+-----
Stealth        | 1 2 |  2.0
Unarmed Combat | 3 4 5 6 8 |  8.9
Dodging        | 4 5 |  5.8
Shields        | 4 5 |  5.1
Invocations    | 2 |  2.1
Fighting       | 4 |  4.2

Action                   |  1- 3 |  4- 6 |  7- 9 || total
-------------------------+-------+-------+-------++-------
Melee: Unarmed           |    87 |    88 |   179 ||   354
       Constrict         |    24 |    22 |    46 ||    92
       Tentacles         |    16 |    22 |    52 ||    90
       Punch             |     1 |     2 |    12 ||    15
Invok: Heroism           |       |       |     2 ||     2
  Use: Scroll            |     4 |       |     2 ||     6
       Potion            |       |     4 |     1 ||     5
 Stab: Sleeping          |    14 |     2 |    15 ||    31
       Distracted        |       |     1 |     2 ||     3
  Eat: Chunk             |     2 |     3 |     9 ||    14
       Ration            |       |     1 |       ||     1
Armor: Skin              |     8 |     2 |     7 ||    17
Dodge: Dodged            |    29 |    26 |    63 ||   118
Block: Shield            |    24 |    26 |    53 ||   103
